 Dungeon Crawl Stone Soup version 0.18-a0-1788-g92de1ac (webtiles) character file.

55 Mefis the Magician (level 4, 0/30 HPs)
             Began as a Human Wizard on Apr 19, 2016.
             Succumbed to an adder's poison
             ... on level 2 of the Dungeon.
             The game lasted 00:12:47 (1460 turns).

Mefis the Magician (Human Wizard)                   Turns: 1460, Time: 00:12:48

Health: 0/30       AC:  2    Str:  8    XL:     4   Next: 14%
Magic:  0/9        EV: 12    Int: 19    God:
Gold:   14         SH:  0    Dex: 11    Spells: 4 memorised, 3 levels left

rFire  . . .     SeeInvis .     l - +0 dagger
rCold  . . .     Gourm    .     a - +0 robe
rNeg   . . .     Faith    .     (no shield)
rPois  .         Spirit   .     b - +0 hat
rElec  .         Dismiss  .     (no cloak)
rCorr  .         Reflect  .     (no gloves)
SustAt .         Harm     .     (no boots)
MR     .....                    (no amulet)
Stlth  ++........               (no ring)
                                (no ring)

@: lethally poisoned (0 -> -8), very slightly contaminated, repel missiles, not
resistant to hostile enchantments, unstealthy
A: no striking features
a: no special abilities


You were on level 2 of the Dungeon.
You were not hungry.

You visited 1 branch of the dungeon, and saw 2 of its levels.

You collected 14 gold pieces.

Inventory:

Hand Weapons
 e - a +0 hunting sling
 l - a +0 dagger (weapon)
Missiles
 f - 28 sling bullets
 m - 11 poisoned needles (quivered)
Armour
 a - a +0 robe (worn)
 b - a +0 hat (worn)
Scrolls
 h - 3 scrolls of remove curse {unknown}
 i - a scroll of identify {unknown}
 k - a scroll of teleportation {unknown}
 n - a scroll of enchant armour {unknown}
 o - a scroll of magic mapping {unknown}
 p - a scroll of enchant weapon {unknown}
Books
 c - a book of Minor Magic

   Spells                             Type                      Level
   a - Magic Dart                     Conjuration                  1
   b - Blink                          Translocation                2
   c - Call Imp                       Summoning                    2
   d - Repel Missiles                 Charms/Air                   2
   e - Slow                           Hexes                        2
   f - Conjure Flame                  Conjuration/Fire             3
   g - Mephitic Cloud                 Conjuration/Poison/Air       3
Comestibles
 j - a slice of pizza


   Skills:
 + Level 1.6 Slings
 + Level 2.3 Dodging
 + Level 2.3 Stealth
 + Level 3.5 Spellcasting
 + Level 1.2 Conjurations
 + Level 0.2 Charms
 + Level 1.1 Summonings
 + Level 1.0 Translocations


You had 3 spell levels left.
You knew the following spells:

 Your Spells              Type           Power        Failure   Level  Hunger
a - Magic Dart            Conj           #...         10%         1    None
b - Call Imp              Summ           #.......     14%         2    ##.....
c - Repel Missiles        Chrm/Air       #.....       24%         2    ##.....
d - Blink                 Tloc           N/A          17%         2    ##.....


Dungeon Overview and Level Annotations

Branches:
Dungeon (2/15)

Altars:


Message History

The adder poisons you! The bat misses you.
You closely miss the bat.
The bat is heavily wounded.
The bat barely misses you. The bat closely misses you. The adder bites you.
* * * LOW HITPOINT WARNING * * *
The bat barely misses you.
* * * LOW HITPOINT WARNING * * *
You feel sick. The bat closely misses you.
The adder bites you but does no damage.
You aren't carrying any potions.
Casting: Magic Dart
Confirm with . or Enter, or press ? or * to list all spells.
You are already protected from missiles.
Casting: Repel Missiles
Confirm with . or Enter, or press ? or * to list all spells.
You blink.
* * * LOW HITPOINT WARNING * * *
You feel sick. The bat closely misses you.
You die...

#. #####...#...........
#.##.###<..................
#......)...................
......†###...S............#.#
.....## ###.#...#.#.........
.#.. #.#...#........#. #.
#.#..b#..####..#.##.. ..
#.#...#..### ..#..#.. .
#÷##@......# ..#.....
#).......#.##........
########.............
#####.###.#....... #.....#
#.#....... #.###.###.........
##...##.#...## ##.## .# ##
#.# .#


You could see an adder and a bat.

Vanquished Creatures
  2 oozes
  2 dart slugs (D:1)
  2 giant cockroaches (D:1)
  2 goblins (D:1)
  4 hobgoblins
  4 jackals (D:1)
  A quokka (D:2)
  A ball python (D:2)
  4 bats
  2 giant newts (D:1)
  5 kobolds
  12 rats
41 creatures vanquished.

Vanquished Creatures (collateral kills)
  A giant gecko (D:2)
  A kobold (D:2)
2 creatures vanquished.

Grand Total: 43 creatures vanquished

Notes
Turn   | Place    | Note
--------------------------------------------------------------
     0 | D:1      | Mefis the Human Wizard began the quest for the Orb.
     0 | D:1      | Reached XP level 1. HP: 13/13 MP: 4/4
   150 | D:1      | Reached XP level 2. HP: 17/19 MP: 0/6
   156 | D:1      | Learned a level 2 spell: Call Imp
   159 | D:1      | Learned a level 2 spell: Repel Missiles
   162 | D:1      | Learned a level 2 spell: Blink
   736 | D:1      | Reached skill level 1 in Slings
   736 | D:1      | Reached XP level 3. HP: 20/24 MP: 1/8
  1185 | D:2      | Reached XP level 4. HP: 21/30 MP: 1/9
  1457 | D:2      | HP: 1/30 [poisoned by an adder]
  1460 | D:2      | Succumbed to an adder's poison

Vault maps used:
D:1:      dpeg_arrival_ratfight

Skill      XL: |  1  2 |
---------------+-------+-----
Slings         | 1 |  1.6
Dodging        | |  2.3
Stealth        | |  2.3
Spellcasting   | |  3.5
Conjurations   | |  1.2
Charms         | |  0.2
Summonings     | |  1.1
Translocations | |  1.0

Action                   |  1- 3 |  4- 6 || total
-------------------------+-------+-------++-------
Melee: Dagger            |       |     9 ||     9
 Fire: Hunting sling     |    51 |     4 ||    55
 Cast: Magic Dart        |    66 |     5 ||    71
       Repel Missiles    |     2 |       ||     2
       Call Imp          |     2 |     2 ||     4
       Blink             |       |     1 ||     1
  Eat: Chunk             |     1 |       ||     1
       Bread ration      |       |     1 ||     1
Armor: Robe              |     8 |     7 ||    15
Dodge: Dodged            |    31 |    31 ||    62
       Deflected         |     1 |       ||     1
